 Dungeon Crawl Stone Soup version 0.22-a0-407-gb098539 (webtiles) character file.

130 tilp the Chiller (level 5, -11/35 HPs)
             Began as a Merfolk Ice Elementalist on May 9, 2018.
             Killed from afar by an orc wizard (12 damage)
             ... with a puff of frost
             ... on level 3 of the Dungeon.
             The game lasted 00:05:25 (3113 turns).

tilp the Chiller (Merfolk Ice Elementalist)         Turns: 3113, Time: 00:05:27

Health: -11/35     AC:  2    Str:  8 (9)  XL:     5   Next: 13%
Magic:  1/8        EV: 13    Int: 13 (15) God:
Gold:   50         SH:  0    Dex: 13 (14) Spells: 2/8 levels left

rFire    . . .     SeeInvis .   g - +0 spear
rCold    . . .     Gourm    .   (no shield)
rNeg     . . .     Faith    .   a - +0 robe
rPois    .         Spirit   .   (no helmet)
rElec    .         Reflect  .   (no cloak)
rCorr    .         Harm     .   (no gloves)
MR       .....                  (no boots)
Stlth    ++........             (no amulet)
HPRegen  0.11/turn              (no ring)
MPRegen  0.11/turn              (no ring)

@: no status effects
A: change form in water, swift swim, stealthy swim
a: no special abilities


You were on level 3 of the Dungeon.
You were hungry.

You visited 1 branch of the dungeon, and saw 3 of its levels.

You collected 50 gold pieces.

Inventory:

Hand Weapons
 g - a +0 spear (weapon)
 l - a +0 hunting sling
 o - a +0 glaive
Missiles
 h - 119 stones (quivered)
Armour
 a - a +0 robe (worn)
Jewellery
 d - a +1 ring of evasion {unknown}
 p - an uncursed ring of flight {unknown}
Scrolls
 b - a scroll of immolation {unknown}
 e - 4 scrolls of teleportation {unknown}
 f - a scroll of amnesia {unknown}
 j - 2 scrolls of magic mapping {unknown}
 k - a scroll of identify {unknown}
 m - a scroll of fog {unknown}
Potions
 i - 2 potions of degeneration
 n - a potion of ambrosia {unknown}
 q - a potion of heal wounds {unknown}
Comestibles
 c - 6 rations
 r - 4 chunks of flesh


   Skills:
 - Level 2.6 Dodging
 - Level 2.1 Stealth
 - Level 2.0 Spellcasting
 - Level 0.7 Conjurations
 + Level 6.2 Ice Magic


You had 2 spell levels left.
You knew the following spells:

 Your Spells              Type           Power        Failure   Level  Hunger
a - Freeze                Ice            ###.         1%          1    ##.....
b - Throw Frost           Conj/Ice       ##....       10%         2    ###....
c - Ozocubu's Armour      Chrm/Ice       #.......     22%         3    ####...


Dungeon Overview and Level Annotations

Branches:
Dungeon (3/15)

Altars:
Xom

Annotations:
D:2 Sigmund


Message History

An orc priest comes into view. It is wielding a flail.
You hit the orc wizard.
The orc wizard is moderately wounded.
The orc wizard hits you with a short sword.
The orc wizard casts a spell at you. The puff of flame hits you!
Things that are here:
a hand axe; an orc corpse The orc wizard closely misses you.
You see here a scroll labeled ZOILIS OCLO.
The orc wizard points at you and mumbles some strange words.
The puff of frost hits you!
* * * LOW HITPOINT WARNING * * *
It was a potion of degeneration.
There was something very wrong with that liquid.
You feel weakened.
You feel dopey.
You feel clumsy. The orc wizard misses you.
The orc wizard gestures at you while chanting.
The puff of frost hits you!
You die...

#.#.# #.# #.#.# #.#
#.#.# #.# #.#.# #.#
#####.#.# ####.#
#.).)...#####
..##.#####.#####o....#
#..........# #o###.##.
#..#.....).# #@.......
......o.##.# #.###.###
#..####.##..# ... #..#
#.##..<#...## #..#
#.#####.#### #..# #.#
#.# #..# #.# # # ...#
#.. #.## ...


You could see an orc wizard and an orc.

Vanquished Creatures
  An orc priest (D:3)
  Terence (D:2)
  2 adders (D:2)
  2 oozes
  2 leopard geckos
  5 orcs (D:3)
  3 giant cockroaches
  4 goblins
  6 hobgoblins
  2 jackals (D:1)
  4 bats
  3 frilled lizards
  4 kobolds
  4 rats
43 creatures vanquished.

Notes
Turn   | Place    | Note
-------+----------+-------------------------------------------
     0 | D:1      | tilp the Merfolk Ice Elementalist began the quest for the Orb.
     0 | D:1      | Reached XP level 1. HP: 13/13 MP: 3/3
   641 | D:1      | Reached XP level 2. HP: 19/19 MP: 3/5
   648 | D:1      | Learned a level 2 spell: Throw Frost
   708 | D:1      | Reached skill level 4 in Ice Magic
  1404 | D:1      | Reached XP level 3. HP: 24/24 MP: 6/6
  1412 | D:1      | Learned a level 3 spell: Ozocubu's Armour
  1535 | D:2      | Found a shimmering altar of Xom.
  1535 | D:2      | Found a shimmering altar of Xom.
  1699 | D:2      | Noticed Sigmund
  1818 | D:2      | Found a shimmering altar of Xom.
  2086 | D:2      | Reached skill level 5 in Ice Magic
  2380 | D:2      | Noticed Terence
  2394 | D:2      | Killed Terence
  2394 | D:2      | Reached XP level 4. HP: 18/30 MP: 0/7
  3104 | D:3      | Reached skill level 6 in Ice Magic
  3104 | D:3      | Reached XP level 5. HP: 27/35 MP: 0/8
  3111 | D:3      | HP: 1/35 [orc wizard/puff of frost (11)]
  3113 | D:3      | Killed from afar by an orc wizard

Vault maps used:
D:1:      eino_arrival_water_cross
D:2:      corexii_leaking_fountain, xom_redecorated, uniq_sigmund, uniq_terence
D:3:      first_ration, uniq_robin, uniq_grinder

Skill      XL: |  1  2  3  4 |
---------------+-------------+-----
Ice Magic      | 4 5 6 |  6.2
Dodging        | |  2.6
Stealth        | |  2.1
Spellcasting   | |  2.0
Conjurations   | |  0.7

Action                   |  1- 3 |  4- 6 || total
-------------------------+-------+-------++-------
Melee: Spear             |    70 |    30 ||   100
 Cast: Freeze            |    26 |    12 ||    38
       Throw Frost       |     4 |     3 ||     7
       Ozocubu's Armour  |     3 |     1 ||     4
  Use: Potion            |       |     1 ||     1
 Stab: Sleeping          |     5 |     1 ||     6
  Eat: Chunk             |     5 |     3 ||     8
Armor: Robe              |    17 |     7 ||    24
Dodge: Dodged            |    60 |    18 ||    78

Table legend:
 A = Spawn XP
 B = Non-spawn XP
 C = Spawn XP percentage of total XP
 D = Spawn monster count
 E = Non-spawn monster count
 F = Spawn count percentage of total count
 G = Total turns spent on level
                    A         B        C        D         E        F      G
               +---------+---------+-------+---------+---------+-------+---------
         Total |       0 |     186 |   0.0 |       0 |      43 |   0.0 |  3113
               +---------+---------+-------+---------+---------+-------+---------
           D:1 |       0 |      34 |   0.0 |       0 |      17 |   0.0 |  1535
           D:2 |       0 |      82 |   0.0 |       0 |      15 |   0.0 |  1219
           D:3 |       0 |      70 |   0.0 |       0 |      11 |   0.0 |   359
               +---------+---------+-------+---------+---------+-------+---------
